 Dungeon Crawl Stone Soup version 0.26.0-15-gc6cd9f700b (webtiles) character file.

Game seed: 13562075094439378231

3927 promet the Cleaver (level 10, -2/94 HPs)
             Began as a Deep Dwarf Fighter on Jan 9, 2021.
             Was a Believer of Okawaru.
             Slain by a polar bear (15 damage)
             ... created by the rage of Trog
             ... on level 7 of the Dungeon on Jan 15, 2021.
             The game lasted 01:26:12 (6904 turns).

promet the Cleaver (Deep Dwarf Fighter)             Turns: 6904, Time: 01:26:13

Health: -2/94      AC: 16    Str: 21    XL:     10   Next: 1%
Magic:  7/7        EV:  7    Int: 11    God:    Okawaru [**....]
Gold:   375        SH: 10    Dex: 12    Spells: 9/9 levels left

rFire    . . .     SeeInvis .   a - +1 war axe
rCold    + . .     Faith    .   c - +0 kite shield
rNeg     . . .     Spirit   .   j - +0 chain mail
rPois    .         Reflect  .   (no helmet)
rElec    .         Harm     .   q - +1 cloak
rCorr    .         Rampage  .   e - +0 pair of gloves
Will     +....                  (no boots)
Stlth    ..........             u - amulet of magic regeneration
HPRegen  0.00/turn              f - ring of protection from cold
MPRegen  0.35/turn              (no ring)

@: non-regenerating
A: damage resistance, heal wounds, talons 1, icy blue scales 1, dopey 1, low mp
1, sense surroundings 2, shaggy fur 1, strong 1, no regeneration
a: Heal Wounds, Renounce Religion, Heroism


You were on level 7 of the Dungeon.
You worshipped Okawaru.
Okawaru was pleased with you.
You visited 2 branches of the dungeon, and saw 8 of its levels.

You collected 375 gold pieces.

Inventory:

Hand Weapons
 a - a +1 war axe (weapon)
 b - a +0 hunting sling
 n - a +1 long sword of freezing
 G - a +2 whip of flaming
 I - a +0 trident
 K - a +2 long sword of draining
 M - a +3 dire flail of protection
Missiles
 g - 248 stones
 k - 2 boomerangs of dispersal
 m - 10 javelins (quivered)
 s - 44 poisoned darts
 v - 3 throwing nets
 x - 102 sling bullets
 E - 144 arrows
 H - 13 boomerangs
 L - 35 bolts
Armour
 c - a +0 kite shield (worn)
 e - a +0 pair of gloves (worn)
 j - a +0 chain mail (worn)
 q - a +1 cloak (worn)
 w - a +0 plate armour
 N - a +0 chain mail
Jewellery
 f - a ring of protection from cold (left hand)
 u - an amulet of magic regeneration (around neck)
Wands
 p - a wand of random effects (39)
 r - a wand of iceblast (10)
 A - a wand of flame (19)
 F - a wand of paralysis (9)
 J - a wand of polymorph (7)
Scrolls
 l - 2 scrolls of teleportation
 o - 2 scrolls of fog
 y - a scroll of blinking
 B - 2 scrolls of remove curse
 D - 2 scrolls of magic mapping
Potions
 d - a potion of might
 h - 3 potions of cancellation
 t - 2 potions of brilliance
 z - 2 potions of resistance
 C - a potion of attraction


   Skills:
 * Level 7.1 Fighting
 + Level 9.7 Axes
 + Level 3.9(4.2) Slings
 + Level 1.5(2.6) Throwing
 + Level 6.5 Armour
 + Level 2.4 Dodging
 + Level 2.0 Stealth
 + Level 6.4 Shields


You had 9 spell levels left.
You didn't know any spells.
Your spell library was empty.

Dungeon Overview and Level Annotations

Branches:
Dungeon (7/15)             Temple (1/1) D:5

Altars:
Ashenzari
Cheibriados
Dithmenos
Fedhas
Gozag
Kikubaaqudgha
Okawaru
Qazlal
Trog
Uskayaw
Vehumet
Wu Jian
Xom
Yredelemnul
Zin
The Shining One

Annotations:
D:2 Sigmund
D:4 2 transporters


Innate Abilities, Weirdness & Mutations

You are resistant to damage.
You can heal yourself by infusing magical energy.
You passively map the area around you.
You do not regenerate.
You have sharp toenails.
You are partially covered in icy blue scales. (AC +2)
You are dopey. (Int -2)
Your magical capacity is low. (-10% MP)
You are covered in fur. (AC +1)
Your muscles are strong. (Str +2)


Message History

As you read the scroll of blinking, it crumbles to dust.
The polar bear rages.
You hear an angry growl. x2
The polar bear rages.
The black bear rages.
The black bear bites you.
The black bear claws you but does no damage. x2
The polar bear rages.
The polar bear rages.
The polar bear rages.
There is an open door here.
The polar bear bites you!
* * * LOW HITPOINT WARNING * * *
The polar bear claws you but does no damage.
You block the polar bear's attack.
The black bear rages.
You hear an angry growl.
The black bear rages.
The polar bear bites you!
You die...

#.......# ####.....#
#..#.....#### #...<#'##...# #####
##....#......# #...#
#...#.#......# #...#
#...+.#.....## #...#
##...###.##### #...# #.@..#...#
#########...###h...#.############
........'...'Oh....).............
...######..h###.##.####+#########
...+.....................[,,,,**
...####..[......#####....#***,,*
................# *,...# **,*
....)...........# **,..# *,**
................# *,,.# *,,*


You could see 2 polar bears and an ogre (berserk).

Vanquished Creatures
  Harold (D:7)
  Pikel (D:4)
  A cyclops (D:6)
  Maggie (D:6)
  Prince Ribbit (D:6)
  Edmund (D:6)
  A sky beast (D:6)
  2 orc warriors
  2 black bears (D:6)
  6 ogres
  4 centaurs
  3 lemures
  5 wights (D:5)
  A howler monkey (D:4)
  2 centaur skeletons
  2 orc priests
  A hound (D:4)
  Crazy Yiuf (D:2)
  An orc wizard (D:6)
  3 iguanas
  5 worker ants
  A killer bee zombie (D:7)
  A hound zombie (D:6)
  7 adders
  A howler monkey skeleton (D:5)
  A shadow imp (D:6)
  3 white imps (D:5)
  An ooze (D:6)
  An adder skeleton (D:4)
  A worm (D:3)
  3 dart slugs
  5 leopard geckos
  22 orcs
  11 bats
  8 giant cockroaches
  9 goblins
  9 hobgoblins
  8 jackals
  3 quokkas
  2 ball pythons
  A ball python zombie (D:5)
  7 frilled lizards
  A giant cockroach zombie (D:5)
  5 kobolds
  11 rats
167 creatures vanquished.

Vanquished Creatures (others)
  An orc (D:6)
1 creature vanquished.

Grand Total: 168 creatures vanquished

Notes
Turn   | Place    | Note
-------+----------+-------------------------------------------
     0 | D:1      | promet the Deep Dwarf Fighter began the quest for the Orb.
     0 | D:1      | Reached XP level 1. HP: 20/20 MP: 1/1
   257 | D:1      | Reached XP level 2. HP: 27/27 MP: 2/2
   337 | D:1      | Upgraded the game from 0.26.0-3-g156281e41b to
                  | 0.26.0-8-g74fc34ddfb
   510 | D:1      | Gained mutation: You occasionally shout uncontrollably at
                  | your foes. [potion of mutation]
   510 | D:1      | Gained mutation: You have a pair of small antennae on your
                  | head. [potion of mutation]
   735 | D:2      | Noticed Sigmund
   766 | D:2      | Reached XP level 3. HP: 25/34 MP: 3/3
  1145 | D:2      | Found a runed translucent door.
  1146 | D:2      | Noticed Crazy Yiuf
  1159 | D:2      | Killed Crazy Yiuf
  1160 | D:2      | Reached XP level 4. HP: 32/42 MP: 4/4
  1280 | D:2      | Reached skill level 3 in Axes
  1632 | D:2      | Found a shimmering altar of Xom.
  2299 | D:3      | Reached XP level 5. HP: 42/49 MP: 5/5
  2707 | D:4      | Found a basalt altar of Yredelemnul.
  2708 | D:4      | Found a transporter.
  2712 | D:4      | Noticed a kobold demonologist
  2723 | D:4      | Found a transporter.
  2830 | D:4      | Reached skill level 4 in Axes
  2861 | D:4      | Reached skill level 1 in Slings
  2900 | D:4      | Noticed an ogre
  2914 | D:4      | Killed an ogre
  2915 | D:4      | Reached XP level 6. HP: 38/57 MP: 6/6
  3147 | D:4      | Found a blossoming altar of Fedhas.
  3270 | D:4      | Upgraded the game from 0.26.0-8-g74fc34ddfb to
                  | 0.26.0-10-g1f06aea511
  3287 | D:4      | Noticed Pikel
  3749 | D:4      | Killed Pikel
  3750 | D:4      | Reached skill level 5 in Axes
  3750 | D:4      | Reached skill level 5 in Armour
  3750 | D:4      | Reached skill level 1 in Dodging
  3750 | D:4      | Reached XP level 7. HP: 66/66 MP: 7/7
  3876 | D:5      | Entered Level 5 of the Dungeon
  3968 | D:5      | Reached skill level 6 in Axes
  4072 | D:5      | Reached skill level 5 in Shields
  4072 | D:5      | Reached XP level 8. HP: 57/73 MP: 8/8
  4248 | D:5      | Reached skill level 7 in Axes
  4398 | D:5      | Reached skill level 5 in Fighting
  4425 | D:5      | Found a staircase to the Ecumenical Temple.
  4443 | Temple   | Entered the Ecumenical Temple
  4468 | Temple   | Upgraded the game from 0.26.0-10-g1f06aea511 to
                  | 0.26.0-15-gc6cd9f700b
  4542 | Temple   | Became a worshipper of Trog the Wrathful
  4822 | D:5      | Lost mutation: You occasionally shout uncontrollably at
                  | your foes. [potion of mutation]
  4822 | D:5      | Lost mutation: You have a pair of small antennae on your
                  | head. [potion of mutation]
  4822 | D:5      | Gained mutation: Armour fits poorly on your strangely
                  | shaped body. [potion of mutation]
  4822 | D:5      | Gained mutation: You are dopey. (Int -2) [potion of
                  | mutation]
  4822 | D:5      | Gained mutation: You have a pair of small horns on your
                  | head. [potion of mutation]
  4822 | D:5      | Gained mutation: You are partially covered in icy blue
                  | scales. (AC +2) [potion of mutation]
  4946 | D:5      | Lost mutation: Armour fits poorly on your strangely shaped
                  | body. [potion of mutation]
  4946 | D:5      | Lost mutation: You have a pair of small horns on your head.
                  | [potion of mutation]
  4946 | D:5      | Gained mutation: Your muscles are strong. (Str +2) [potion
                  | of mutation]
  4946 | D:5      | Gained mutation: Your magical capacity is low. (-10% MP)
                  | [potion of mutation]
  4946 | D:5      | Gained mutation: You are covered in fur. (AC +1) [potion of
                  | mutation]
  4946 | D:5      | Gained mutation: You have sharp toenails. [potion of
                  | mutation]
  5352 | Temple   | Fell from the grace of Trog
  5352 | Temple   | Became a worshipper of Warmaster Okawaru
  5442 | D:6      | Noticed a cyclops
  5469 | D:6      | Killed a cyclops
  5470 | D:6      | Reached skill level 8 in Axes
  5470 | D:6      | Gained mutation: You passively map the area around you.
                  | [Deep Dwarf growth]
  5470 | D:6      | Reached XP level 9. HP: 46/82 MP: 8/8
  5533 | D:6      | Noticed Maggie
  5564 | D:6      | Killed Maggie
  5564 | D:6      | Reached * piety under Okawaru
  5765 | D:6      | Reached skill level 9 in Axes
  5775 | D:6      | Paralysed by Trog for 3 turns
  5899 | D:6      | Found an iron altar of Okawaru.
  6008 | D:6      | Noticed Prince Ribbit
  6209 | D:6      | Noticed Edmund
  6242 | D:6      | Killed Edmund
  6243 | D:6      | Reached skill level 1 in Throwing
  6443 | D:6      | Killed Prince Ribbit
  6793 | D:7      | Paralysed by Trog for 7 turns
  6810 | D:7      | Noticed Harold
  6824 | D:7      | Killed Harold
  6824 | D:7      | Reached ** piety under Okawaru
  6825 | D:7      | Reached XP level 10. HP: 42/94 MP: 7/7
  6904 | D:7      | Slain by a polar bear

Illustrated notes

Levels and vault maps discovered:
D:1:      lightli_arrival_statue_moat, layout_loops_cross
D:2:      layout_rooms, tgw_xom, uniq_sigmund, uniq_crazy_yiuf_cottage
D:3:      layout_basic
D:4:      gammafunk_wand_slinger, layout_basic, yredelemnul_altar_generic,
          nicolae_overflow_crystal_walls, uniq_pikel
D:5:      layout_loops_ring, temple_hall
D:6:      layout_basic, grunt_ministairs_15, okawaru_ov_weapons_minmay,
          uniq_prince_ribbit1, uniq_edmund, uniq_maggie
D:7:      layout_basic, nicolae_ru_great_annihilating_truth, uniq_harold
Temple:   eino_temple_water

Skill      XL: |  1  2  3  4  5  6  7  8  9 |
---------------+----------------------------+-----
Fighting       | 3 4 5 7 |  7.1
Shields        | 4 5 6 |  6.4
Axes           | 3 4 5 6 8 9 |  9.7
Armour         | 4 5 6 |  6.5
Slings         | 1 2 3 |  3.9
Dodging        | 1 2 |  2.4
Throwing       | 1 |  1.5
Stealth        | 2 |  2.0

Action                   |  1- 3 |  4- 6 |  7- 9 | 10-12 || total
-------------------------+-------+-------+-------+-------++-------
Melee: War axe           |   102 |   211 |   304 |     4 ||   621
       Kick              |       |       |    79 |     1 ||    80
       Long sword        |       |       |     2 |       ||     2
 Fire: Hunting sling     |     1 |    29 |    20 |       ||    50
Throw: Stone             |     4 |     1 |       |       ||     5
       Dart              |       |     2 |    30 |       ||    32
       Javelin           |       |       |     3 |       ||     3
       Boomerang         |       |       |     1 |       ||     1
Invok: Heroism           |       |       |     1 |       ||     1
 Abil: Heal Wounds       |     2 |     4 |    10 |       ||    16
Evoke: Wand              |       |       |     1 |       ||     1
  Use: Potion            |     5 |     2 |     9 |       ||    16
       Scroll            |     4 |     4 |     3 |     3 ||    14
 Stab: Paralysed         |       |       |     5 |       ||     5
Armor: Scale mail        |    22 |       |       |       ||    22
       Chain mail        |    38 |   125 |   144 |    16 ||   323
Dodge: Dodged            |    26 |    39 |    69 |     7 ||   141
Block: Kite shield       |    55 |   130 |   139 |    10 ||   334
       Rpst.: Long sword |       |       |     1 |       ||     1
